 Dungeon Crawl Stone Soup version 0.26-a0-244-g083ca260ac (webtiles) character file.

Game seed: 16583510579304279132

6342 BritishOli the Skirmisher (level 10, -6/79 HPs)
             Began as a Demonspawn Gladiator on July 8, 2020.
             Was an Elder of Okawaru.
             Mangled by a komodo dragon (19 damage)
             ... on level 9 of the Dungeon.
             The game lasted 00:26:09 (11357 turns).

BritishOli the Skirmisher (Demonspawn Gladiator)   Turns: 11357, Time: 00:26:10

Health: -6/79      AC: 19    Str: 16    XL:     10   Next: 64%
Magic:  0/19       EV: 11    Int:  8    God:    Okawaru [****..]
Gold:   450        SH:  0    Dex: 17    Spells: 9/9 levels left

rFire    . . .     SeeInvis +   H - +3 long sword (curse)
rCold    + . .     Faith    .   (no shield)
rNeg     + . .     Spirit   +   g - +2 plate armour {MR+}
rPois    +         Reflect  .   (helmet unavailable)
rElec    .         Harm     .   n - +2 ratskin cloak {+Rats rPois rN+ Str-1 Int-1 Dex+1}
rCorr    .                      (no gloves)
MR       +....                  A - +0 pair of boots
Stlth    ..........             k - amulet of regeneration
HPRegen  0.63/turn              r - ring of protection from cold
MPRegen  0.16/turn              v - ring of magical power

@: no status effects
A: antennae 3, powered by death 1, magic shield, sturdy frame 2
a: Heroism, Renounce Religion, Evoke Ratskin


You were on level 9 of the Dungeon.
You worshipped Okawaru.
Okawaru was greatly pleased with you.
You were not hungry.

You visited 2 branches of the dungeon, and saw 11 of its levels.
You visited the Abyss 1 time.
You also visited: Ossuary.

You collected 450 gold pieces.

Inventory:

Hand Weapons
 a - a +0 long sword
 H - a cursed +3 long sword (weapon)
Missiles
 d - 4 throwing nets (quivered)
 w - 5 javelins
Armour
 g - a +2 plate armour of magic resistance (worn)
 n - the +2 ratskin cloak (worn) {+Rats rPois rN+ Str-1 Int-1 Dex+1}
   (You found it on level 6 of the Dungeon)

   It affects your strength (-1).
   It affects your intelligence (-1).
   It affects your dexterity (+1).
   It protects you from poison.
   It protects you from negative energy.
 A - a +0 pair of boots (worn)
Jewellery
 e - an uncursed ring of positive energy
 i - an uncursed ring of stealth
 k - an amulet of regeneration (around neck)
 r - a ring of protection from cold (left hand)
 v - a ring of magical power (right hand)
Wands
 j - a wand of random effects (15)
 y - a wand of enslavement (5)
 B - a wand of iceblast (5)
 G - a wand of paralysis (5)
Scrolls
 c - 9 scrolls of remove curse
 f - a scroll of enchant armour
 o - a scroll of magic mapping {unknown}
 s - 3 scrolls of fog
 z - 2 scrolls of fear {unknown}
 E - 3 scrolls of teleportation
 F - 2 scrolls of identify
Potions
 h - a potion of cancellation {unknown}
 l - 7 potions of curing
 m - 8 potions of stabbing
 p - a potion of might
 q - 2 potions of flight
 t - 3 potions of haste
 u - 2 potions of brilliance
 x - a potion of magic
 C - a potion of resistance
 D - 5 potions of heal wounds
Comestibles
 b - 4 rations


   Skills:
 + Level 7.6 Fighting
 + Level 7.3 Long Blades
 - Level 6.5 Throwing
 + Level 6.6 Armour
 + Level 7.2 Dodging


You had 9 spell levels left.
You didn't know any spells.
Your spell library was empty.

Dungeon Overview and Level Annotations

Branches:
Dungeon (10/15)            Temple (1/1) D:6            Lair (0/6) D:9
Ossuary (visited)
    Orc: D:9-12

Altars:
Ashenzari
Cheibriados
Dithmenos
Elyvilon
Fedhas
Gozag
Hepliaklqana
Kikubaaqudgha
Makhleb
Nemelex Xobeh
Okawaru
Qazlal
Ru
Sif Muna
Trog
Uskayaw
Vehumet
Wu Jian
Xom
Yredelemnul
Zin
The Shining One

Shops:
D:4 [   D:6 %?(   D:7 *

Annotations:
D:6 Harold


Innate Abilities, Weirdness & Mutations

You have a pair of large antennae on your head. (SInv)
You regenerate a little health from kills.
When hurt, damage is shared between your health and your magic reserves.
Your movements are less encumbered by armour. (ER -4)


Message History

The komodo dragon is heavily wounded.
The komodo dragon struggles against the net.
You hit the komodo dragon but do no damage.
The komodo dragon is heavily wounded.
The komodo dragon struggles against the net.
The net rips apart, and the komodo dragon comes free!
You slash the komodo dragon!
The komodo dragon is severely wounded.
The komodo dragon bites you!
* * * LOW HITPOINT WARNING * * *
Okay, then.
You hit the komodo dragon.
The komodo dragon is severely wounded.
The komodo dragon closely misses you.
You slash the komodo dragon!
The komodo dragon is almost dead.
The komodo dragon bites you!
* * * LOW HITPOINT WARNING * * *
You feel better. The komodo dragon bites you!!
You die...

#.....# #.......#
#.....# #........
#.###.# ######... #.#
#.########...#...
#.###.#..........#...
#.....#..........#...
#.....#.....##...#...
#.....#.....##...#...
#...@.#.....##...#...
#...l.#.....##...#...
#.....#..............
#.....#......####.###
#.....#......##.....#
#.....#......#.......
#.##..#......#.......
#.##..#.........._..)
#.##..#......#.......


You could see a komodo dragon.

Vanquished Creatures
  A two-headed ogre (D:9)
  2 unseen horrors
  A wyvern (D:9)
  4 hogs (D:9)
  A human (D:9)
  A porcupine (D:9)
  3 water moccasins
  2 orc warriors
  6 sky beasts
  A black bear (D:9)
  An ice beast (D:8)
  A necrophage (D:4)
  2 phantoms (D:5)
  4 centaurs
  2 bullfrogs (D:9)
  A big kobold (D:9)
  3 water moccasin zombies
  2 scorpions
  3 killer bees (D:9)
  4 howler monkeys
  4 wights (D:9)
  A centaur zombie (D:6)
  A jelly (D:9)
  2 hounds
  3 orc priests
  2 bullfrog skeletons
  6 orc wizards
  Terence (D:3)
  An iguana (D:5)
  5 worker ants
  A hell rat (D:6)
  A big kobold zombie (Ossuary)
  A hound skeleton (D:5)
  2 mummies (Ossuary)
  Robin (D:3)
  8 adders
  6 river rats (D:6)
  A shadow imp (D:5)
  2 white imps
  An ufetubus (D:6)
  An ooze (D:1)
  6 adder zombies
  2 worms (D:4)
  2 adder skeletons
  3 dart slugs
  8 leopard geckos
  29 orcs
  7 bats
  3 giant cockroaches
  5 gnoll zombies (Ossuary)
  15 goblins
  13 hobgoblins
  8 kobolds
  3 quokkas
  6 frilled lizards
  4 hobgoblin zombies (Ossuary)
  2 kobold zombies (Ossuary)
  A leopard gecko skeleton (D:5)
  6 orc zombies (Ossuary)
  2 quokka zombies (D:6)
  20 rats
241 creatures vanquished.

Vanquished Creatures (collateral kills)
  A wight (D:9)
  An orc wizard (D:8)
2 creatures vanquished.

Vanquished Creatures (others)
  A quokka (D:5)
  A jackal skeleton (D:5)
  2 fungi (D:9)
4 creatures vanquished.

Grand Total: 247 creatures vanquished

Notes
Turn   | Place    | Note
-------+----------+-------------------------------------------
     0 | D:1      | BritishOli the Demonspawn Gladiator began the quest for the
                  | Orb.
     0 | D:1      | Reached XP level 1. HP: 16/16 MP: 1/1
   242 | D:1      | Gained mutation: Your movements are slightly less
                  | encumbered by armour. (ER -2) [demonic ancestry]
   242 | D:1      | Reached XP level 2. HP: 21/22 MP: 2/2
   852 | D:1      | Gained mutation: You have a pair of small antennae on your
                  | head. [demonic ancestry]
   852 | D:1      | Reached XP level 3. HP: 28/28 MP: 3/3
  1220 | D:2      | Reached skill level 1 in Armour
  1485 | D:2      | Gained mutation: You regenerate a little health from kills.
                  | [demonic ancestry]
  1485 | D:2      | Reached XP level 4. HP: 24/34 MP: 4/4
  1626 | D:2      | Found an ornate altar of the Wu Jian Council.
  2246 | D:3      | Noticed a centaur
  2265 | D:3      | Killed a centaur
  2265 | D:3      | Gained mutation: You have a pair of antennae on your head.
                  | [demonic ancestry]
  2265 | D:3      | Reached XP level 5. HP: 23/41 MP: 3/5
  2400 | D:3      | Found a shadowy altar of Dithmenos.
  2454 | D:3      | Noticed Terence
  2470 | D:3      | Killed Terence
  2643 | D:3      | Found a faded altar of an unknown god.
  2906 | D:3      | Noticed Robin
  2920 | D:3      | Gained mutation: Your movements are less encumbered by
                  | armour. (ER -4) [demonic ancestry]
  2920 | D:3      | Reached XP level 6. HP: 44/47 MP: 4/6
  2930 | D:3      | Killed Robin
  3842 | D:4      | Found Xoit's Armour Boutique.
  4013 | D:5      | Entered Level 5 of the Dungeon
  4179 | D:5      | Gained mutation: You have a pair of large antennae on your
                  | head. (SInv) [demonic ancestry]
  4179 | D:5      | Reached XP level 7. HP: 37/53 MP: 7/7
  5086 | D:5      | Found a white marble altar of Elyvilon.
  5328 | D:6      | Found Papablax's Weapon Boutique.
  5337 | D:6      | Found Cemeid's Magic Scroll Shoppe.
  5364 | D:6      | Found a sand-covered staircase.
  5371 | Ossuary  | Entered an ossuary
  5764 | Ossuary  | Reached XP level 8. HP: 53/57 MP: 8/8
  6342 | D:6      | Reached skill level 5 in Long Blades
  6342 | D:6      | Reached skill level 5 in Dodging
  6382 | D:6      | Found a blossoming altar of Fedhas.
  6405 | D:6      | Reached skill level 5 in Fighting
  6976 | D:6      | Found a staircase to the Ecumenical Temple.
  6983 | Temple   | Entered the Ecumenical Temple
  7146 | D:6      | Found Mapnaili's Food Boutique.
  7686 | D:6      | Found the +2 ratskin cloak {+Rats rPois rN+ Str-1 Int-1
                  | Dex+1}
  7909 | D:7      | Reached skill level 5 in Throwing
  7927 | D:7      | Noticed Harold
  8211 | D:7      | Reached XP level 9. HP: 54/64 MP: 9/9
  8441 | D:7      | Found an iron altar of Okawaru.
  8441 | D:7      | Found a burning altar of Makhleb.
  8662 | D:7      | Became a worshipper of Warmaster Okawaru
  8982 | D:7      | Found Bkaed's Bounteous Boutique.
  9218 | D:8      | Noticed an unseen horror
  9287 | D:8      | Killed an unseen horror
  9287 | D:8      | Reached * piety under Okawaru
  9287 | D:8      | Reached skill level 5 in Armour
  9618 | D:8      | Found a shimmering blue altar of Sif Muna.
 10046 | D:9      | Reached ** piety under Okawaru
 10073 | D:9      | Gained mutation: When hurt, damage is shared between your
                  | health and your magic reserves. [demonic ancestry]
 10073 | D:9      | Reached XP level 10. HP: 46/73 MP: 10/10
 10205 | D:9      | Cast into level 1 of the Abyss (orc)
 10205 | Abyss:1  | Found a corrupted altar of Lugonu.
 10239 | Abyss:1  | Noticed a thrashing horror
 10240 | D:9      | Escaped the Abyss
 10497 | D:9      | Reached *** piety under Okawaru
 10683 | D:9      | Found an opulent altar of Gozag.
 10847 | D:9      | Found a shattered altar of Ashenzari.
 10847 | D:9      | Noticed a two-headed ogre
 10858 | D:9      | Killed a two-headed ogre
 11036 | D:9      | Found a staircase to the Lair.
 11295 | D:10     | Entered Level 10 of the Dungeon
 11295 | D:10     | Noticed an unseen horror
 11309 | D:10     | Killed an unseen horror
 11309 | D:10     | Reached **** piety under Okawaru
 11357 | D:9      | Mangled by a komodo dragon

Illustrated notes

Levels and vault maps discovered:
D:1:      evilmike_arrival_crescent, layout_basic
D:2:      layout_basic, old_standard_altar
D:3:      layout_basic, chequers_ecumenical_altar_simple, lemuel_tele_altar,
          uniq_terence, uniq_robin
D:4:      layout_rooms, first_ration, serial_shops, shop, grunt_decor_one_mirror
D:5:      layout_cave_pools, elyvilon_altar_4, st_stairs_3
D:6:      wander_guarded_unrand_ratskin, layout_cave_pods, temple_fountains,
          serial_shops, shop, shop_statue, shop, enter_ossuary_4,
          fedhas_ov_isle_minmay
D:7:      layout_basic, gammafunk_temple_overflow_statue,
          nicolae_alphabet_shops, uniq_harold
D:8:      layout_basic, led_sif_book
D:9:      layout_stronghold, old_standard_altar, grunt_lair_entry_orc_guard_hut,
          grunt_livestock, nicolae_gozag_cash_rules_everything_around_me
D:10:     layout_roguey, kennysheep_orc_monster_closet_entryway,
          nrook_mini_backslash
Temple:   lightli_temple_of_artemis

Skill      XL: |  1  2  3  4  5  6  7  8  9 10 |
---------------+-------------------------------+-----
Throwing       | 2 3 4 5 6 |  6.5
Long Blades    | 3 4 5 6 7 |  7.3
Dodging        | 3 4 5 6 7 |  7.2
Armour         | 1 2 3 4 5 6 |  6.6
Fighting       | 3 4 5 6 7 |  7.6

Action                   |  1- 3 |  4- 6 |  7- 9 | 10-12 || total
-------------------------+-------+-------+-------+-------++-------
Melee: Long sword        |   120 |   262 |   775 |   221 ||  1378
Throw: Javelin           |       |       |     9 |       ||     9
       Throwing net      |       |       |       |     2 ||     2
 Abil: Evoke Ratskin     |       |       |     3 |     1 ||     4
Evoke: Wand              |       |       |     3 |       ||     3
  Use: Scroll            |       |     6 |    14 |       ||    20
       Potion            |       |       |     2 |     1 ||     3
 Stab: Held in net/web   |       |       |       |     1 ||     1
  Eat: Ration            |     1 |     2 |     5 |     2 ||    10
Armor: Leather armour    |     4 |       |       |       ||     4
       Plate armour      |   111 |   202 |   463 |   134 ||   910
Dodge: Dodged            |    75 |   165 |   384 |   152 ||   776
       Rpst.: Long sword |    16 |    42 |   102 |    46 ||   206

Table legend:
 A = Non-vault XP
 B = Vault XP
 C = Vault XP percentage of total XP
 D = Non-vault monster count
 E = Vault monster count
 F = Vault count percentage of total count
                 A         B        C        D         E       F
            +---------+---------+-------+---------+---------+-------
      Total |    7035 |    2025 |  22.4 |     166 |      77 |  31.7
            +---------+---------+-------+---------+---------+-------
        D:1 |      42 |       0 |   0.0 |      21 |       0 |   0.0
        D:2 |      98 |       0 |   0.0 |      16 |       0 |   0.0
        D:3 |     192 |      74 |  27.8 |      23 |      14 |  37.8
        D:4 |     229 |       0 |   0.0 |      14 |       0 |   0.0
        D:5 |     828 |      18 |   2.1 |      17 |       2 |  10.5
        D:6 |     770 |     128 |  14.3 |      20 |      23 |  53.5
        D:7 |     695 |       0 |   0.0 |      16 |       0 |   0.0
        D:8 |    1133 |      36 |   3.1 |       6 |       1 |  14.3
        D:9 |    2170 |    1503 |  40.9 |      31 |      10 |  24.4
       D:10 |     878 |       0 |   0.0 |       2 |       0 |   0.0
    Ossuary |       0 |     266 | 100.0 |       0 |      27 | 100.0
            +---------+---------+-------+---------+---------+-------
